 Dungeon Crawl Stone Soup version 0.31-a0-846-gb3bcc0d938 (webtiles) character file.

Game seed: 6441180594711445444

154 lonewolfV2 the Shield-Bearer (level 5, -4/40 (42) HPs)
             Began as a Formicid Fighter on Oct 3, 2023.
             Slain by Crazy Yiuf
             ... wielding a +4 quarterstaff of chaos
              (10 damage)
             ... on level 2 of the Dungeon.
             The game lasted 00:02:31 (1553 turns).

lonewolfV2 the Shield-Bearer (Formicid Fighter)     Turns: 1553, Time: 00:02:32

HP:   -4/40 (42)    AC:  7    Str: 23    XL:     5   Next: 63%
MP:   5/5           EV: 10    Int:  7    God:
Gold: 51            SH:  6    Dex: 13    Spells: 4/4 levels left

rFire   . . .        a - +0 war axe
rCold   . . .        c - +1 buckler
rNeg    . . .        b - +0 scale mail
rPois   .            (helmet unavailable)
rElec   .            (no cloak)
rCorr   .            (no gloves)
SInv    +            (no boots)
Will    .....        (no amulet) Stlth
                     (no ring)
HPRegen 0.26/turn    (no ring)
MPRegen 0.09/turn

%: no passive effects
@: lethally poisoned (-4 -> -10), lightly drained
A: permanent stasis, dig shafts and tunnels, antennae 3, four strong arms
a: Dig, Shaft Self


You were on level 2 of the Dungeon.
You visited 1 branch of the dungeon, and saw 2 of its levels.

You collected 51 gold pieces.

Inventory:

Hand Weapons
 a - a +0 war axe (weapon)
Armour
 b - a +0 scale mail (worn)
 c - a +1 buckler (worn)
Potions
 d - a potion of heal wounds {unknown}
 e - a potion of enlightenment {unknown}
 j - 2 potions of curing {unknown}


   Skills:
 + Level 3.9 Fighting
 + Level 3.4 Axes
 + Level 4.2 Armour
 + Level 1.0 Dodging
 + Level 4.8 Shields


You had 4 spell levels left.
You didn't know any spells.
Your spell library was empty.

Dungeon Overview and Level Annotations

Branches:
Dungeon (2/15)

Altars:

Annotations:
D:2 Crazy Yiuf


Innate Abilities, Weirdness & Mutations

You cannot be hasted, slowed, berserked, paralysed or teleported.
You can dig through walls and to a lower floor.
You have a pair of large antennae on your head. (SInv)
Your four strong arms can wield two-handed weapons with a shield.


Message History

You see here a jackal corpse.
There is an open door, spattered with blood here.
Things that are here:
the felid corpse of Natasha; a frilled lizard corpse
There is an open door here.
You see here a +0 hammer.
Crazy Yiuf cries, "Aardvark illywillydillykilly bag!"
You open the door. You hit Crazy Yiuf but do no damage.
Crazy Yiuf hits you with a +4 quarterstaff of chaos.
You closely miss Crazy Yiuf.
Crazy Yiuf hits you with a +4 quarterstaff of chaos.
Crazy Yiuf burns you.
Crazy Yiuf hits you with a +4 quarterstaff of chaos.
You slash Crazy Yiuf!
Crazy Yiuf is heavily wounded.
Crazy Yiuf hits you with a +4 quarterstaff of chaos.
Crazy Yiuf burns you.
You barely miss Crazy Yiuf.
Crazy Yiuf is heavily wounded.
Crazy Yiuf cries, "Pitchfork!"
Crazy Yiuf hits you with a +4 quarterstaff of chaos!
You are poisoned.
You barely miss Crazy Yiuf.
Crazy Yiuf is heavily wounded.
You feel very sick. Crazy Yiuf misses you. Crazy Yiuf closely misses you.
You hit Crazy Yiuf but do no damage.
Crazy Yiuf is heavily wounded.
You feel very sick.
Crazy Yiuf hits you with a +4 quarterstaff of chaos.
* * * LOW HITPOINT WARNING * * *
You feel drained.
* * * LOW HITPOINT WARNING * * *
You hit Crazy Yiuf.
Crazy Yiuf is severely wounded.
* * * LOW HITPOINT WARNING * * *
You feel very sick.
Crazy Yiuf hits you with a +4 quarterstaff of chaos!
You die...

#.##†###'###
#....#
#.#........#
#....#
#†#........#
#....#
#.#........#
##...#
#.#........#
##.##
#.#........#
##.#
#.#........#
#.##
#.#.....^..#
##)#
..#........#
#@##
###........#
*#g#* #
##########
*..)* #
#...# #
#)..# #
##### # # #


You could see Crazy Yiuf.

Vanquished Creatures
  Natasha (thrice) (D:2)
  Robin (D:2)
  An adder (D:2)
  3 dart slugs
  4 ball pythons
  3 endoplasms
  3 giant cockroaches (D:1)
  8 goblins
  6 hobgoblins
  4 jackals (D:2)
  A quokka (D:2)
  4 bats
  5 frilled lizards
  2 kobolds (D:2)
  6 rats
54 creatures vanquished.

Notes
Turn   | Place    | Note
-------+----------+-------------------------------------------
     0 | D:1      | lonewolfV2 the Formicid Fighter began the quest for the
                  | Orb.
     0 | D:1      | Reached XP level 1. HP: 18/18 MP: 1/1
   106 | D:1      | Reached XP level 2. HP: 24/24 MP: 2/2
   121 | D:1      | Found a faded altar of an unknown god.
   500 | D:1      | Reached XP level 3. HP: 29/29 MP: 3/3
   730 | D:2      | Noticed Natasha
   742 | D:2      | Killed Natasha
   743 | D:2      | Reached XP level 4. HP: 10/37 MP: 4/4
  1110 | D:2      | Noticed Robin
  1111 | D:2      | Noticed Natasha
  1133 | D:2      | Killed Natasha
  1140 | D:2      | Reached XP level 5. HP: 16/42 MP: 5/5
  1148 | D:2      | Killed Robin
  1381 | D:2      | Reached skill level 1 in Dodging
  1391 | D:2      | Noticed Natasha
  1400 | D:2      | Killed Natasha
  1457 | D:2      | Found a runed translucent door.
  1458 | D:2      | Noticed Crazy Yiuf
  1553 | D:2      | Slain by Crazy Yiuf

Illustrated notes

Levels and vault maps discovered:
D:1:      dpeg_arrival_arbitrary_b, layout_loops_ring,
          hellmonk_ecumenical_altar_pennies_from_heaven
D:2:      layout_basic, uniq_robin, uniq_natasha, uniq_crazy_yiuf_cottage

Skill      XL: |  1  2  3  4  5 |
---------------+----------------+-----
Armour         | 4 |  4.2
Axes           | 3 |  3.4
Dodging        | 1 |  1.0
Fighting       | |  3.9
Shields        | |  4.8

Action                     |  1- 3 |  4- 6 || total
---------------------------+-------+-------++-------
  Melee: War axe           |    53 |    75 ||   128
    Use: Scroll            |       |     6 ||     6
         Potion            |       |     1 ||     1
 Armour: Scale mail        |    70 |    64 ||   134
  Dodge: Dodged            |    36 |    29 ||    65
  Block: Buckler           |    22 |    30 ||    52

Table legend: (Time is in decaauts)
 A = Elapsed time spent in this place.
 B = Non-inter-level travel time spent in this place.
 C = Inter-level travel time spent in this place.
 D = Time resting spent in this place.
 E = Time spent auto-exploring this place.
 F = Levels seen in this place.
 G = Mean time per level.
                   A        B        C        D        E       F      G
               +--------+--------+--------+--------+--------+-----+--------+
         Total |   1605 |   1596 |      9 |    297 |    880 |   2 |  802.5 |
       Dungeon |   1605 |   1596 |      9 |    297 |    880 |   2 |  802.5 |
               +--------+--------+--------+--------+--------+-----+--------+

Top non-repeatable levels by time:
     D:2: 853 daAuts
     D:1: 752 daAuts
